 Dungeon Crawl Stone Soup version 0.17-a0-737-gf0a300a (webtiles) character file.

968 Herrn the Chopper (level 8, 0/73 HPs)
             Began as a Naga Fighter on Apr 29, 2015.
             Was a Believer of Okawaru.
             Killed by divine providence
             ... invoked by an orc priest
              (15 damage)
             ... on level 4 of the Dungeon.
             The game lasted 00:09:15 (3577 turns).

Herrn the Chopper (Naga Fighter)                    Turns: 3577, Time: 00:09:15

Health: 0/73       AC:  8    Str: 31    XL:     8   Next: 16%
Magic:  10/10      EV:  6    Int: 12    God:    Okawaru [**....]
Gold:   168        SH: 10    Dex:  6    Spells: 0 memorised, 7 levels left

rFire  . . .     SeeInvis +     a - +0 war axe
rCold  + . .     Clarity  .     b - +0 scale mail
rNeg   . . .     SustAb   .     c - +0 shield
rPois  +         Gourm    .     m - +0 helmet
rElec  .         Spirit   .     (no cloak)
rCorr  .         Warding  .     e - -1 pair of gloves (curse)
rMut   .         Rnd*Tele +     (no barding)
MR     +....                    l - amulet of rage
Stlth  ..........               C - ring of Vaupoy Tojar {+/*Tele rPois rC+ Str+9 Dex-4}
                                r - +4 ring of intelligence

@: very slow, somewhat resistant to hostile enchantments, extremely unstealthy
A: see invisible, deformed body, poison resistance, slowness 2, slow metabolism
1, spit poison 2, AC +2
a: Spit Poison, Heroism, Renounce Religion, Evoke Berserk Rage, Evoke
Teleportation


You were on level 4 of the Dungeon.
You worshipped Okawaru.
Okawaru was pleased with you.
You were not hungry.

You visited 1 branch of the dungeon, and saw 4 of its levels.

You collected 168 gold pieces.

Inventory:

Hand weapons
 a - a +0 war axe (weapon)
Armour
 b - a +0 scale mail (worn)
 c - a +0 shield (worn)
 e - a cursed -1 pair of gloves (worn)
 m - a +0 helmet (worn)
Jewellery
 k - an uncursed ring of invisibility
 l - an amulet of rage (around neck)
 n - an uncursed ring of fire
 r - a +4 ring of intelligence (left hand)
 C - the ring of Vaupoy Tojar (right hand) {+/*Tele rPois rC+ Str+9 Dex-4}
   (You found it on level 4 of the Dungeon)

   [ring of teleportation]

   It may teleport you to nearby monsters, and can be evoked to randomly
   teleport.
   It affects your strength (+9).
   It affects your dexterity (-4).
   It protects you from cold.
   It protects you from poison.
Magical devices
 y - a wand of confusion (11)
Scrolls
 i - 5 scrolls of identify {unknown}
 j - a scroll of immolation {unknown}
 o - a scroll of fog {unknown}
 p - 3 scrolls of blinking {unknown}
 t - a scroll of enchant armour {unknown}
 u - a scroll of random uselessness {unknown}
 v - a scroll of amnesia {unknown}
 w - 2 scrolls of teleportation {unknown}
 z - a scroll of fear {unknown}
Potions
 f - 2 potions of restore abilities {unknown}
 g - a potion of brilliance {unknown}
 A - a potion of mutation {unknown}
 B - a potion of ambrosia {unknown}
Books
 q - a book of the Dragon

   Spells                             Type                      Level
   a - Flight                         Charms/Air                   3
   b - Cause Fear                     Hexes                        4
   c - Bolt of Fire                   Conjuration/Fire             6
   d - Dragon Form                    Transmutation                7
   e - Dragon's Call                  Summoning                    9
Comestibles
 d - 5 chunks of flesh
 h - 5 meat rations
 s - 2 bread rations
 x - 8 fruits


   Skills:
 + Level 4.4 Fighting
 * Level 5.5 Axes
 + Level 3.8 Armour
 + Level 1.9 Dodging
 + Level 3.7 Shields
 * Level 3.7 Invocations


You had 7 spell levels left.
You didn't know any spells.

Dungeon Overview and Level Annotations

Branches:
Dungeon (4/15)
 Temple: D:4-7

Altars:
Elyvilon
Makhleb
Okawaru
Qazlal


Innate Abilities, Weirdness & Mutations

You cannot wear boots.
Your serpentine skin is tough (AC +2).
You have supernaturally acute eyesight.
Armour fits poorly on your strangely shaped body.
Your system is resistant to poisons.
You cover ground very slowly.
You have a slow metabolism.
You can spit poison.


Message History

The orc priest hits you with a whip.
You hit the orc priest but do no damage.
The orc priest is lightly wounded.
You block the orc priest's attack.
You closely miss the orc priest.
The orc priest is lightly wounded.
The orc priest invokes the aid of Beogh against you.
Pain shoots through your body!
* * * LOW HITPOINT WARNING * * *
You block the orc priest's attack.
You hit the orc priest but do no damage.
The orc priest is lightly wounded.
The orc priest mumbles some strange prayers to Beogh against you.
Pain shoots through your body!
* * * LOW HITPOINT WARNING * * *
You slash the orc priest!
The orc priest is almost dead.
The orc priest calls down the wrath of Beogh upon you.
Something smites you!
You die...

#.# #...####.## ##.#
..........# #
##...####..####.....
#.##. #....#..#####...
#.....#
##..>.#..#####..
......##..#..##..##....
#....#.###........##.
#......####....#####.
#..)@.........### #.>
#....))o...####...###.#
#..(...#.### #........#
##...###..# #........#
#.... ##..##.###....##
.###. #.... ###...# #
.##. #.... # ###.).#
#....##


You could see an orc priest.

Vanquished Creatures
  The ghost of Sagrath the Cudgeler, an experienced DsGl (D:4)
  Grinder (D:4)
  Blork the orc (D:4)
  A crimson imp (D:3)
  2 orc priests (D:4)
  5 orc wizards
  A giant frog skeleton (D:4)
  5 adders
  3 oozes
  5 worms
  14 orcs
  A ball python (D:2)
  5 giant cockroaches
  7 goblins
  8 hobgoblins
  6 jackals (D:2)
  10 bats
  3 giant geckos
  7 giant newts
  13 kobolds
  A quokka (D:2)
  4 rats
104 creatures vanquished.

Notes
Turn   | Place    | Note
--------------------------------------------------------------
     0 | D:1      | Herrn, the Naga Fighter, began the quest for the Orb.
     0 | D:1      | Reached XP level 1. HP: 21/21 MP: 1/1
    66 | D:1      | Reached XP level 2. HP: 28/28 MP: 2/2
   616 | D:1      | Reached XP level 3. HP: 32/34 MP: 3/3
  1071 | D:2      | Found an iron altar of Okawaru.
  1072 | D:2      | Found a stormy altar of Qazlal.
  1076 | D:2      | Became a worshipper of Warmaster Okawaru
  1312 | D:2      | Reached XP level 4. HP: 29/42 MP: 4/4
  1326 | D:2      | Found a white marble altar of Elyvilon.
  1615 | D:2      | Reached skill level 1 in Dodging
  2053 | D:3      | Reached skill level 1 in Invocations
  2063 | D:3      | Reached XP level 5. HP: 43/49 MP: 5/5
  2443 | D:3      | Found a burning altar of Makhleb.
  2514 | D:4      | Noticed Blork the orc
  2537 | D:4      | Killed Blork the orc
  2537 | D:4      | Acquired Okawaru's first power
  2537 | D:4      | Reached XP level 6. HP: 41/56 MP: 7/7
  2778 | D:4      | Noticed Sagrath's ghost (experienced DsGl)
  2783 | D:4      | Noticed Grinder
  2985 | D:4      | Reached skill level 4 in Axes
  2999 | D:4      | Killed Grinder
  2999 | D:4      | Reached XP level 7. HP: 25/63 MP: 7/9
  3003 | D:4      | Killed Sagrath's ghost
  3003 | D:4      | Reached skill level 5 in Axes
  3391 | D:4      | Reached XP level 8. HP: 61/72 MP: 10/10
  3489 | D:4      | Got a translucent steel ring
  3490 | D:4      | Identified the ring of Vaupoy Tojar {+/*Tele rPois rC+ Str+9 Dex-4} (You found it on level 4 of the Dungeon)
  3577 | D:4      | Killed from afar by an orc priest

Action                   |  1- 3 |  4- 6 |  7- 9 || total
-------------------------+-------+-------+-------++-------
Melee: War axe           |   141 |   193 |    44 ||   378
Invok: Heroism           |       |     1 |       ||     1
 Abil: Spit Poison       |       |     3 |       ||     3
  Use: Potion            |       |     1 |       ||     1
  Eat: Bread ration      |     1 |       |       ||     1
       Chunk             |       |     1 |     2 ||     3
